PUBAAA
CHARLOTTE WEBS @ REGINA ROUGHRIDERS
06/08/1972
 
TOP OF THE 1ST
Charlotte Webs batting - Pitching for Regina Roughriders : RHP Darryl O'Toole
Pitching: RHP Darryl O'Toole
Batting: LHB Javier Gómez 0-0: Ball
1-0: Fly out, F5 (Popup, 56S, EV 71.3 MPH)
Batting: LHB Carl Yastrzemski 0-0: Ball
1-0: Ball
2-0: Foul Ball, location: 9LSF
2-1: Ball
3-1: Base on Balls
Batting: RHB Bill Strauch 0-0: Fly out, F7 (Flyball, 7LSF, EV 87.5 MPH)
Batting: LHB Josh Tanner 0-0: SINGLE (Groundball, 6MD, EV 95.0 MPH)
Carl Yastrzemski to second
Batting: LHB Craig Powers 0-0: Ball
1-0: Fly out, F8 (Flyball, 8LS, EV 86.9 MPH)
Top of the 1st over - 0 runs, 1 hit, 0 errors, 2 left on base; Charlotte 0 - Regina 0
BOTTOM OF THE 1ST
Regina Roughriders batting - Pitching for Charlotte Webs : RHP Winston Lallana
Pitching: RHP Winston Lallana
Batting: RHB Ronald Lawson 0-0: Ball
1-0: Swinging Strike
1-1: Ball
2-1: Swinging Strike
2-2: Ball
3-2: Foul Ball, location: 5F
3-2: Fly out, F9 (Flyball, 9D, EV 87.5 MPH)
Batting: RHB Elwood Doiron 0-0: Called Strike
0-1: Ground out 5-3 (Groundball, 56S, EV 93.8 MPH)
Batting: LHB Dave Griffith 0-0: Ball
1-0: Swinging Strike
1-1: Ball
2-1: Swinging Strike
2-2: Ball
3-2: Fly out, F8 (Flyball, 8LD, EV 93.1 MPH)
Bottom of the 1st over - 0 runs, 0 hits, 0 errors, 0 left on base; Charlotte 0 - Regina 0
TOP OF THE 2ND
Charlotte Webs batting - Pitching for Regina Roughriders : RHP Darryl O'Toole
Batting: LHB Seinosuke Nagata 0-0: Called Strike
0-1: Called Strike
0-2: Foul Ball, location: 2F
0-2: Ball
1-2: Strikes out looking
Batting: RHB Paul Donahue 0-0: Ball
1-0: Ball
2-0: Called Strike
2-1: SINGLE (Flyball, 5D, EV 77.5 MPH)
Batting: LHB Vern Crocker 0-0: Called Strike
0-1: Ball
1-1: Grounds into double play, 5-4-3 (Groundball, 56, EV 85.0 MPH)
Top of the 2nd over - 0 runs, 1 hit, 0 errors, 0 left on base; Charlotte 0 - Regina 0
BOTTOM OF THE 2ND
Regina Roughriders batting - Pitching for Charlotte Webs : RHP Winston Lallana
Batting: LHB Mike Dynan 0-0: Called Strike
0-1: Swinging Strike
0-2: Fly out, F7 (Flyball, 7, EV 89.4 MPH)
Batting: RHB Tom Pierce 0-0: Called Strike
0-1: Called Strike
0-2: Ball
1-2: Ball
2-2: Ball
3-2: Ground out 5-3 (Groundball, 56, EV 96.3 MPH)
Batting: RHB Aaron Stevens 0-0: Ball
1-0: Foul Ball, location: 2F
1-1: Ground out 5-3 (Groundball, 56S, EV 86.9 MPH)
Bottom of the 2nd over - 0 runs, 0 hits, 0 errors, 0 left on base; Charlotte 0 - Regina 0
TOP OF THE 3RD
Charlotte Webs batting - Pitching for Regina Roughriders : RHP Darryl O'Toole
Batting: RHB Frank Hayes 0-0: Ball
1-0: Ball
2-0: SOLO HOME RUN (Flyball, 7LD, EV 93.1 MPH), Distance : 351 ft
Batting: LHB Javier Gómez 0-0: Called Strike
0-1: SINGLE (Groundball, 4MD, EV 100.0 MPH)
Batting: LHB Carl Yastrzemski 0-0: Grounds into double play, 4-6-3 (Groundball, 4, EV 89.4 MPH)
Batting: RHB Bill Strauch 0-0: Ball
1-0: Ball
2-0: Ball
3-0: Base on Balls
Batting: LHB Josh Tanner 0-0: Ball
Bill Strauch steals 2nd base
1-0: Called Strike
1-1: Ball
2-1: Swinging Strike
2-2: Ball
3-2: Ground out U3 (Groundball, 3, EV 86.3 MPH)
Top of the 3rd over - 1 run, 2 hits, 0 errors, 1 left on base; Charlotte 1 - Regina 0
BOTTOM OF THE 3RD
Regina Roughriders batting - Pitching for Charlotte Webs : RHP Winston Lallana
Batting: LHB Melvin Roberson 0-0: Foul Ball, location: 7LMF
0-1: Ball
1-1: Called Strike
1-2: Ground out U3 (Groundball, 3S, EV 65.6 MPH)
Batting: LHB Ken Cochrane 0-0: Ball
1-0: Ball
2-0: Called Strike
2-1: SINGLE (Groundball, 4MD, EV 103.1 MPH)
Batting: LHB Jim Unknown 0-0: Foul Ball, location: 3F
0-1: Ball
1-1: Ball
2-1: Fly out, F6 (Popup, 6MS, EV 63.1 MPH)
Batting: RHB Ronald Lawson 0-0: Ball
1-0: Ball
2-0: Ball
3-0: Called Strike
3-1: Swinging Strike
3-2: Strikes out swinging
Bottom of the 3rd over - 0 runs, 1 hit, 0 errors, 1 left on base; Charlotte 1 - Regina 0
TOP OF THE 4TH
Charlotte Webs batting - Pitching for Regina Roughriders : RHP Darryl O'Toole
Batting: LHB Craig Powers 0-0: Foul Ball, location: 2F
0-1: Called Strike
0-2: Ball
1-2: Fly out, F5 (Popup, 56, EV 78.8 MPH)
Batting: LHB Seinosuke Nagata 0-0: Foul Ball, location: 2F
0-1: Swinging Strike
0-2: TRIPLE (Line Drive, 89XD, EV 105.6 MPH)
Batting: RHB Paul Donahue 0-0: Ball
1-0: Foul Ball, location: 3F
1-1: Swinging Strike
1-2: Foul Ball, location: 9LMF
1-2: Fly out, F8 (Flyball, 89D, EV 85.6 MPH)
Runner from 3rd tags up, SCORES, throw by CF
Batting: LHB Vern Crocker 0-0: Ground out 6-3 (Groundball, 6, EV 110.0 MPH)
Top of the 4th over - 1 run, 1 hit, 0 errors, 0 left on base; Charlotte 2 - Regina 0
BOTTOM OF THE 4TH
Regina Roughriders batting - Pitching for Charlotte Webs : RHP Winston Lallana
Batting: RHB Elwood Doiron 0-0: Swinging Strike
0-1: Ground out U3 (Groundball, 34, EV 82.5 MPH)
Batting: LHB Dave Griffith 0-0: Fly out, F9 (Flyball, 9D, EV 98.1 MPH)
Batting: LHB Mike Dynan 0-0: Ball
1-0: Ground out 5-3 (Groundball, 56, EV 97.5 MPH)
Bottom of the 4th over - 0 runs, 0 hits, 0 errors, 0 left on base; Charlotte 2 - Regina 0
TOP OF THE 5TH
Charlotte Webs batting - Pitching for Regina Roughriders : RHP Darryl O'Toole
Batting: RHB Frank Hayes 0-0: Called Strike
0-1: Swinging Strike
0-2: Foul Ball, location: 9LSF
0-2: Strikes out swinging
Batting: LHB Javier Gómez 0-0: Ball
1-0: Ground out 4-3 (Groundball, 4, EV 102.5 MPH)
Batting: LHB Carl Yastrzemski 0-0: Ball
1-0: Ball
2-0: Ground out 5-3 (Groundball, 5S, EV 72.5 MPH)
Top of the 5th over - 0 runs, 0 hits, 0 errors, 0 left on base; Charlotte 2 - Regina 0
BOTTOM OF THE 5TH
Regina Roughriders batting - Pitching for Charlotte Webs : RHP Winston Lallana
Batting: RHB Tom Pierce 0-0: Called Strike
0-1: Swinging Strike
0-2: Ball
1-2: SINGLE (Flyball, 8RS, EV 90.0 MPH)
Batting: RHB Aaron Stevens 0-0: Ball
1-0: SINGLE (Line Drive, 8RS, EV 86.3 MPH)
Tom Pierce to second
Batting: LHB Melvin Roberson 0-0: Foul Ball, location: 7LDF
0-1: Ball
1-1: Ball
2-1: Fielders Choice at 2nd, 6-4 (Groundball, 6MD, EV 95.6 MPH)
Tom Pierce to third
Batting: LHB Ken Cochrane 0-0: SINGLE (Groundball, 4, EV 105.6 MPH)
Tom Pierce scores
Melvin Roberson to second
Batting: LHB Jim Unknown 0-0: Ball
1-0: Foul Ball, location: 2F
1-1: Swinging Strike
1-2: Foul Ball, location: 5SF
1-2: Ball
2-2: Foul Ball, location: 2RF
2-2: Strikes out swinging
Batting: RHB Ronald Lawson 0-0: Ball
1-0: Ball
2-0: Foul Ball, location: 23FF
2-1: Fielders Choice at 2nd, 6-4 (Groundball, 6, EV 90.6 MPH)
Bottom of the 5th over - 1 run, 3 hits, 0 errors, 2 left on base; Charlotte 2 - Regina 1
TOP OF THE 6TH
Charlotte Webs batting - Pitching for Regina Roughriders : RHP Darryl O'Toole
Batting: RHB Bill Strauch 0-0: Called Strike
0-1: Ball
1-1: Fly out, F8 (Line Drive, 8RM, EV 93.1 MPH)
Batting: LHB Josh Tanner 0-0: Called Strike
0-1: Called Strike
0-2: Ball
1-2: Ball
2-2: SINGLE (Line Drive, 89S, EV 90.6 MPH)
Batting: LHB Craig Powers 0-0: Called Strike
0-1: Ball
1-1: SINGLE (Groundball, 4MD, EV 97.5 MPH)
Josh Tanner to second
Batting: LHB Seinosuke Nagata 0-0: Ball
1-0: Foul Ball, location: 2F
1-1: Swinging Strike
1-2: Foul Ball, location: 2F
1-2: SINGLE (Line Drive, 9S, EV 108.8 MPH)
Josh Tanner to third
Craig Powers to second
Batting: RHB Paul Donahue 0-0: Ball
1-0: Swinging Strike
1-1: SINGLE (Groundball, 6MD, EV 98.1 MPH)
Josh Tanner scores
Craig Powers to third
Seinosuke Nagata to second
Runner from 3rd tries for Home, throw by CF and OUT! 8-2
Batting: LHB Vern Crocker 0-0: Called Strike
0-1: Foul Ball, location: 3FF
0-2: Foul Ball, location: 2F
0-2: Foul Ball, location: 2F
0-2: Ball
1-2: Ground out U3 (Groundball, 34S, EV 71.3 MPH)
Top of the 6th over - 1 run, 4 hits, 0 errors, 2 left on base; Charlotte 3 - Regina 1
BOTTOM OF THE 6TH
Regina Roughriders batting - Pitching for Charlotte Webs : RHP Winston Lallana
Batting: RHB Elwood Doiron 0-0: Reached on error, E6 (Groundball, 6D, EV 109.4 MPH)
Batting: LHB Dave Griffith 0-0: Fielders Choice at 2nd, 1-6 (Groundball, 34S, EV 64.4 MPH)
Batting: LHB Mike Dynan 0-0: Called Strike
Dave Griffith steals 2nd base (no throw)
0-1: Ball
1-1: Foul Ball, location: 3FF
1-2: Foul Ball, location: 3FF
1-2: Foul Ball, location: 5DF
1-2: Ball
2-2: Strikes out looking
Batting: RHB Tom Pierce 0-0: Called Strike
0-1: Ball
1-1: Ball
2-1: Foul Ball, location: 2F
2-2: Ball
3-2: Reached on error, E4 (Groundball, 4, EV 81.3 MPH)
Dave Griffith to third
Batting: RHB Aaron Stevens 0-0: Ground out 1-3 (Groundball, P, EV 65.0 MPH)
Bottom of the 6th over - 0 runs, 0 hits, 2 errors, 2 left on base; Charlotte 3 - Regina 1
TOP OF THE 7TH
Charlotte Webs batting - Pitching for Regina Roughriders : RHP Darryl O'Toole
Batting: RHB Frank Hayes 0-0: Called Strike
0-1: Ball
1-1: Ball
2-1: Fly out, F7 (Line Drive, 7, EV 88.1 MPH)
Batting: LHB Javier Gómez 0-0: SINGLE (Groundball, 34D, EV 105.0 MPH)
Batting: LHB Carl Yastrzemski 0-0: Ball
1-0: Ball
2-0: Ball
3-0: Called Strike
3-1: Foul Ball, location: 5F
3-2: Base on Balls
Javier Gómez to second
Batting: RHB Bill Strauch 0-0: Called Strike
0-1: Foul Ball, location: 5DF
0-2: Ball
1-2: Strikes out looking
Batting: LHB Josh Tanner 0-0: Called Strike
0-1: Ball
1-1: Ground out 4-3 (Groundball, 4, EV 87.5 MPH)
Top of the 7th over - 0 runs, 1 hit, 0 errors, 2 left on base; Charlotte 3 - Regina 1
BOTTOM OF THE 7TH
Regina Roughriders batting - Pitching for Charlotte Webs : RHP Winston Lallana
Batting: LHB Melvin Roberson 0-0: Ball
1-0: Called Strike
1-1: Ball
2-1: Ball
3-1: Called Strike
3-2: Foul Ball, location: 2F
3-2: Strikes out swinging
Batting: LHB Ken Cochrane 0-0: Fly out, F2 (Popup, 25F, EV 86.3 MPH)
Batting: LHB Jim Unknown 0-0: Swinging Strike
0-1: Foul Ball, location: 5FF
0-2: Strikes out looking
Bottom of the 7th over - 0 runs, 0 hits, 0 errors, 0 left on base; Charlotte 3 - Regina 1
TOP OF THE 8TH
Charlotte Webs batting - Pitching for Regina Roughriders : RHP Darryl O'Toole
Batting: LHB Craig Powers 0-0: Called Strike
0-1: Ball
1-1: SOLO HOME RUN (Flyball, 7D, EV 93.1 MPH), Distance : 366 ft
Batting: LHB Seinosuke Nagata 0-0: Ball
1-0: Ball
2-0: Called Strike
2-1: Ball
3-1: Base on Balls
Batting: RHB Paul Donahue 0-0: Ball
1-0: Bunted foul
1-1: Sac Bunt to 15 - play at first, batter OUT! 1-3
Seinosuke Nagata to second
Batting: LHB Vern Crocker 0-0: Intentional Walk
Batting: RHB Frank Hayes 0-0: Called Strike
0-1: Foul Ball, location: 2F
0-2: Ball
1-2: Grounds into double play, 6-4-3 (Groundball, 6, EV 78.1 MPH)
Top of the 8th over - 1 run, 1 hit, 0 errors, 1 left on base; Charlotte 4 - Regina 1
BOTTOM OF THE 8TH
Regina Roughriders batting - Pitching for Charlotte Webs : RHP Winston Lallana
Batting: RHB Ronald Lawson 0-0: Foul Ball, location: 2F
0-1: Ball
1-1: DOUBLE (Flyball, 8RXD, EV 105.6 MPH)
Batting: RHB Elwood Doiron 0-0: Swinging Strike
0-1: Called Strike
0-2: Ball
1-2: SINGLE (Flyball, 9, EV 80.6 MPH)
Ronald Lawson to third
Pitching: RHP Mike Jones
Batting: LHB Dave Griffith 0-0: Ball
1-0: Called Strike
1-1: Called Strike
1-2: Ball
2-2: Foul Ball, location: 3DF
2-2: Foul Ball, location: 9LSF
2-2: Ball
3-2: Strikes out swinging
Batting: LHB Mike Dynan 0-0: Foul Ball, location: 9LDF
0-1: Ball
1-1: Foul Ball, location: 2F
1-2: Grounds into double play, 4-6-3 (Groundball, 4, EV 91.3 MPH)
Bottom of the 8th over - 0 runs, 2 hits, 0 errors, 1 left on base; Charlotte 4 - Regina 1
TOP OF THE 9TH
Charlotte Webs batting - Pitching for Regina Roughriders : RHP Darryl O'Toole
Batting: LHB Javier Gómez 0-0: Called Strike
0-1: Ground out 6-3 (Groundball, 4M, EV 88.1 MPH)
Batting: LHB Carl Yastrzemski 0-0: Ball
1-0: Called Strike
1-1: Foul Ball, location: 7LSF
1-2: Ground out 5-3 (Groundball, 56S, EV 90.6 MPH)
Batting: RHB Bill Strauch 0-0: Called Strike
0-1: Called Strike
0-2: Ball
1-2: Ground out 6-3 (Groundball, 6, EV 83.1 MPH)
Top of the 9th over - 0 runs, 0 hits, 0 errors, 0 left on base; Charlotte 4 - Regina 1
BOTTOM OF THE 9TH
Regina Roughriders batting - Pitching for Charlotte Webs : RHP Mike Jones
Batting: RHB Tom Pierce 0-0: Ball
1-0: SINGLE (Flyball, 89S, EV 89.4 MPH)
Pinch Hitting: LHB Will Lambert 0-0: Foul Ball, location: 25F
0-1: Foul Ball, location: 7LDF
0-2: SINGLE (Line Drive, 6MD, EV 63.1 MPH)
Tom Pierce to second
Batting: LHB Melvin Roberson 0-0: Called Strike
0-1: Ball
1-1: Foul Ball, location: 7LMF
1-2: Strikes out swinging
Batting: LHB Ken Cochrane 0-0: Ball
1-0: Ground out 6-3 (Groundball, 6MD, EV 107.5 MPH)
Tom Pierce to third
Will Lambert to second
Pinch Hitting: RHB Francis Goff 0-0: Ball
1-0: Ball
2-0: Foul Ball, location: 2F
2-1: Foul Ball, location: 5F
2-2: Fly out, F4 (Popup, 4M, EV 60.0 MPH)
Bottom of the 9th over - 0 runs, 2 hits, 0 errors, 2 left on base; Charlotte 4 - Regina 1
Monday, March 25th , 2024 - OOTP Baseball 24.8 Build 75